 Dungeon Crawl Stone Soup version 0.28.0 (webtiles) character file.

Game seed: 14688636485185860470

42 croobank the Grasshopper (level 3, -1/30 HPs)
             Began as a Draconian Warper on Feb 7, 2022.
             Slain by a goblin (2 damage)
             ... on level 2 of the Dungeon.
             The game lasted 00:06:17 (1690 turns).

croobank the Grasshopper (Draconian Warper)         Turns: 1690, Time: 00:06:18

Health: -1/30      AC:  5    Str: 13    XL:     3   Next: 33%
Magic:  3/6        EV: 12    Int: 15    God:
Gold:   75         SH:  0    Dex: 10    Spells: 4/6 levels left

rFire   . . .      SeeInvis .   a - +0 hand axe
rCold   . . .      Faith    .   (no shield)
rNeg    . . .      Spirit   .   (armour unavailable)
rPois   .          Reflect  .   (helmet restricted)
rElec   .          Harm     .   (no cloak)
rCorr   .          Rampage  .   (no gloves)
Will    .....                   (no boots)
Stlth   +.........              (no amulet)
HPRegen 0.10/turn               (no ring)
MPRegen 0.10/turn               (no ring)

@: on blink cooldown
A: AC +5, unfitting armour, cold-blooded
a: no special abilities


You were on level 2 of the Dungeon.
You visited 1 branch of the dungeon, and saw 3 of its levels.

You collected 75 gold pieces.

Inventory:

Hand Weapons
 a - a +0 hand axe (weapon)
Missiles
 c - 5 boomerangs of dispersal (quivered)
 d - a throwing net
 e - 11 sling bullets
 f - 41 stones


   Skills:
 + Level 2.8 Fighting
 + Level 2.3 Axes
 + Level 0.8 Throwing
 + Level 2.6 Dodging
 + Level 0.2 Stealth
 + Level 2.2 Spellcasting
 + Level 3.2 Translocations


You had 4 spell levels left.
You knew the following spells:

 Your Spells              Type           Power      Damage    Failure   Level
a - Blink                 Tloc           22%        N/A       9%          2

Your spell library contained the following spells:

 Spells                   Type           Power      Damage    Failure   Level
 Gell's Gravitas          Tloc           11%        N/A       17%         3
 Lesser Beckoning         Tloc           11%        N/A       17%         3
 Teleport Other           Tloc           11%        N/A       17%         3
 Manifold Assault         Tloc           11%        N/A       85%         5


Dungeon Overview and Level Annotations

Branches:
Dungeon (3/15)

Altars:


Innate Abilities, Weirdness & Mutations

Your plain brown scales are hard. (AC +5)
You cannot fit into any form of body armour.
You are cold-blooded and may be slowed by cold attacks.


Message History

You feel stable enough to blink again. The rat bites you but does no damage.
There is a stone staircase leading down, spattered with blood here.
Casting: Blink (safe; 9% risk of failure)
Confirm with . or Enter, or press ? or * to list all spells.
You blink.
As you read the scroll labelled JUGRESCH VUOREO, it crumbles to dust.
You hear a loud clanging noise!
It was a scroll of noise.
You hear an angry hiss. x2
The adder bites you but does no damage. The rat misses you.
The adder bites you but does no damage. The adder barely misses you.
You feel stable enough to blink again.
There is an open door here.
The goblin hits you but does no damage.
Found 5 gold pieces.
An endoplasm comes into view.
A frilled lizard comes into view.
The endoplasm completely misses you. The endoplasm freezes you.
You are frozen.
* * * LOW HITPOINT WARNING * * *
You feel yourself slow down.
You feel yourself speed up.
The frilled lizard bites you but does no damage.
The goblin barely misses you.
The endoplasm hits you but does no damage.
The goblin hits you with a +0 club.
* * * LOW HITPOINT WARNING * * *
The rat twitches its whiskers.
Casting: Blink (safe; 9% risk of failure)
Confirm with . or Enter, or press ? or * to list all spells.
You blink.
The adder barely misses you. The rat barely misses you. The rat bites you.
* * * LOW HITPOINT WARNING * * *
The ball python barely misses you. x2; The adder closely misses you.
The goblin hits you with a +0 club.
You die...

#r########'#### ##.
#.............# #.
####....#.....# #.
#....#.....# #.
#....#.....# #.
#....#.....# #.
#....#.....# #.
###....#.....#
######..@...#######
#......gS####
#.....lrS#
#.......J#
#........#
#........#
#........#
##########


You could see an adder, an endoplasm, a goblin, a ball python, a frilled lizard
and a rat.

Vanquished Creatures
  An adder (D:2)
  A bat (D:2)
  2 endoplasms (D:1)
  2 giant cockroaches (D:1)
  6 goblins
  7 hobgoblins
  3 kobolds (D:1)
  2 ball pythons (D:1)
  2 frilled lizards (D:1)
  3 rats (D:1)
29 creatures vanquished.

Vanquished Creatures (others)
  5 plants (D:1)
5 creatures vanquished.

Grand Total: 34 creatures vanquished

Notes
Turn   | Place    | Note
-------+----------+-------------------------------------------
     0 | D:1      | croobank the Draconian Warper began the quest for the Orb.
     0 | D:1      | Reached XP level 1. HP: 17/17 MP: 3/3
   327 | D:1      | Reached XP level 2. HP: 21/25 MP: 5/5
   330 | D:1      | Learned a level 2 spell: Blink
  1324 | D:2      | Reached XP level 3. HP: 23/30 MP: 6/6
  1430 | D:2      | Found a faded altar of an unknown god.
  1658 | D:3      | HP: 1/30 [orc (4)]
  1688 | D:2      | HP: 1/30 [rat (1)]
  1690 | D:2      | Slain by a goblin

Illustrated notes

Levels and vault maps discovered:
D:1:      ncdulo_smallfort, layout_loops_ring, serial_forest,
          infiniplex_forest_end_3, infiniplex_forest_clump_small,
          infiniplex_forest_zigzag_1, infiniplex_forest_straight_4,
          infiniplex_forest_clump_small, infiniplex_forest_corner_2,
          infiniplex_forest_clump_double, serial_bayou_crossing
D:2:      minmay_spotlight, layout_basic, dreamdust_ecumenical_altar_statues
D:3:      layout_basic, mainiacjoe_overflow_catwalk,
          mainiacjoe_overflow_six_doors_small, chequers_serial_rivers_micro_d

Action                   || total
-------------------------++-------
Melee: Hand axe          ||   106
       Tailslap          ||     7
 Cast: Blink             ||     5
  Use: Scroll            ||     2
       Potion            ||     1
 Stab: Sleeping          ||     1
Armor: Skin              ||    46
Dodge: Dodged            ||    77
